Map: [ESL] Berlingrad

Players

Solar - Winner!

  • Race: Zerg Zerg

Cure

  • Race: Terran Terran

Event: IEM Katowice 2022

VOD

Have the link to the VOD?

Description

Time

  • Played on: Feb. 24, 2022, 8:53 a.m.
  • Length: 17:34

All games in this series

Show
View Real Time Build Order
Export as new Build Order

Solar Zerg - Winner!

Build Orders: Hatch First 

Get SALT Encoding   

  12  0:00  Drone  
  13  0:12  Overlord  
  13  0:17  Drone  
  14  0:31  Drone x2  
  16  0:47  Hatchery  
  15  0:51  Drone  
  15  0:54  Drone  
  17  0:57  Drone  
  18  1:09  Extractor  
  17  1:13  Spawning Pool  
  17  1:15  Drone  
  17  1:18  Drone  
  18  1:27  Drone  
  19  1:38  Drone  
  20  1:50  Drone  
  21  1:59  Queen x2  
  21  2:00  Zergling x4  
  27  2:12  Metabolic Boost, Overlord  
  27  2:14  Drone  
  28  2:30  Drone x2  
  28  2:32  Hatchery  
  28  2:33  Drone  
  30  2:41  Queen  
  32  2:46  Overlord  
  32  2:49  Drone  
  33  2:51  Drone  
  34  3:01  Zergling x4  
  34  3:05  Zergling x2  
  37  3:07  Zergling x8  
  37  3:09  Zergling x4  
  43  3:14  Overlord  
  43  3:18  Drone  
  43  3:19  Overlord  
  43  3:32  Queen  
  45  3:36  Drone x2  
  47  3:42  Zergling x4  
  47  3:43  Drone x3  
  47  3:45  Drone  
  47  3:47  Queen  
  55  3:49  Drone  
  55  3:51  Drone  
  55  3:53  Drone  
  55  3:55  Drone  
  59  3:58  Overlord  
  59  4:00  Drone  
  60  4:03  Drone  
  60  4:09  Queen  
  63  4:11  Drone x2  
  63  4:14  Overlord  
  65  4:18  Drone x3  
  65  4:19  Drone  
  65  4:21  Drone  
  70  4:24  Drone  
  70  4:30  Overlord  
  71  4:33  Drone  
  71  4:36  Drone  
  71  4:38  Drone, Overlord, Extractor  
  74  4:39  Drone, Spore Crawler  
  74  4:40  Spore Crawler  
  74  4:42  Queen  
  74  4:45  Overlord  
  75  4:52  Drone, Evolution Chamber  
  75  4:53  Drone  
  75  4:54  Drone  
  75  4:55  Drone x2, Evolution Chamber  
  75  4:57  Drone  
  75  4:59  Drone  
  79  5:00  Drone  
  79  5:03  Drone  
  79  5:04  Spore Crawler  
  79  5:05  Drone  
  79  5:06  Drone  
  81  5:07  Drone  
  81  5:09  Drone x2  
  81  5:10  Drone  
  85  5:17  Overlord, Extractor  
  85  5:18  Drone x3  
  87  5:22  Zerg Ground Armor Level 1  
  87  5:24  Zerg Melee Weapons Level 1  
  87  5:28  Overlord  
  86  5:33  Baneling Nest, Zergling x8  
  89  5:36  Drone, Extractor x2  
  89  5:40  Drone x3  
  89  5:41  Zergling x4  
  89  5:42  Zergling x2  
  94  5:44  Zergling x4  
  94  5:45  Zergling x2  
  94  5:49  Lair  
  95  5:50  Drone x2  
  95  5:52  Drone  
  95  5:53  Drone x2  
  100  6:02  Drone  
  100  6:03  Drone, Queen  
  102  6:04  Drone  
  102  6:09  Zergling x4  
  93  6:18  Drone x7  
  99  6:26  Drone x2  
  99  6:28  Drone  
  99  6:30  Drone x2  
  100  6:39  Drone x2  
  101  6:42  Drone  
  102  6:49  Drone  
  102  6:50  Roach Warren, Drone, Spire  
  102  6:51  Extractor  
  102  6:53  Overlord, Extractor  
  100  6:54  Hatchery  
  100  6:59  Drone x2  
  101  7:02  Overlord  
  101  7:06  Drone x2  
  101  7:08  Overlord  
  103  7:09  Drone  
  103  7:11  Drone x2  
  106  7:20  Centrifugal Hooks  
  106  7:21  Baneling x4, Zerg Missile Weapons Level 1  
  107  7:22  Zergling x2  
  107  7:23  Extractor, Zergling x8  
  107  7:24  Overlord  
  107  7:26  Extractor  
  107  7:27  Overlord  
  107  7:29  Zergling x2  
  111  7:30  Zergling x2  
  111  7:32  Overlord  
  111  7:35  Drone, Glial Reconstitution  
  111  7:40  Drone x2  
  111  7:41  Drone  
  111  7:42  Drone  
  115  7:46  Overlord  
  115  7:47  Drone  
  115  7:51  Zergling x2  
  116  7:57  Drone x3  
  116  7:58  Spore Crawler, Overlord  
  115  7:59  Overlord  
  115  8:03  Corruptor  
  115  8:05  Corruptor x2  
  117  8:12  Corruptor x4  
  121  8:19  Corruptor  
  128  8:23  Drone x3  
  128  8:25  Drone x6  
  137  8:29  Zerg Flyer Weapons Level 1  
  137  8:30  Corruptor  
  137  8:33  Drone  
  140  8:35  Roach x2  
  140  8:37  Roach  
  140  8:38  Corruptor  
  146  8:43  Corruptor  
  148  8:50  Overlord  
  148  8:51  Corruptor  
  148  8:52  Infestation Pit  
  149  8:58  Corruptor  
  148  9:03  Drone x4  
  148  9:06  Corruptor x2  
  148  9:09  Roach x2  
  158  9:11  Overlord  
  158  9:12  Drone x2  
  158  9:13  Overlord  
  158  9:16  Corruptor  
  162  9:23  Ravager  
  162  9:24  Ravager  
  161  9:27  Spine Crawler x2  
  161  9:30  Drone  
  160  9:36  Overseer  
  160  9:37  Baneling x3  
  161  9:38  Ravager  
  161  9:43  Drone x11  
  164  9:45  Drone  
  164  9:47  Extractor  
  164  9:48  Hatchery  
  164  9:50  Roach x2  
  160  9:53  Roach x2  
  160  9:59  Hive  
  164  10:04  Roach x3  
  170  10:08  Zergling x8  
  170  10:11  Ravager x4  
  170  10:13  Roach x2  
  182  10:16  Zergling x2  
  182  10:17  Zergling x4  
  182  10:19  Zerg Missile Weapons Level 2  
  185  10:22  Zerg Melee Weapons Level 2  
  185  10:29  Zergling x12  
  185  10:30  Zergling x4  
  185  10:32  Drone  
  185  10:33  Drone  
  195  10:36  Pneumatized Carapace  
  195  10:37  Spine Crawler  
  195  10:42  Hatchery  
  193  10:44  Roach x2  
  193  10:49  Zergling x8  
  200  10:56  Baneling x8  
  200  11:01  Spore Crawler  
  195  11:06  Zergling x18  
  195  11:10  Zergling x4  
  200  11:14  Greater Spire, Adrenal Glands  
  200  11:23  Hatchery  
  200  11:24  Corruptor x2  
  200  11:25  Corruptor  
  199  11:30  Viper  
  199  11:33  Spine Crawler  
  199  11:34  Spine Crawler  
  199  11:38  Drone  
  199  11:39  Zergling x6  
  200  11:45  Zergling x4  
  199  11:49  Drone  
  200  11:59  Zergling x4  
  199  12:04  Drone x2  
  199  12:08  Drone x2  
  198  12:09  Zergling x2  
  198  12:10  Baneling x6  
  199  12:25  Overseer  
  199  12:28  Zerg Flyer Weapons Level 2  
  198  12:38  Baneling x11  
  198  12:39  Zergling x2  
  198  12:42  Zerg Melee Weapons Level 3, Zerg Missile Weapons Level 3  
  198  12:43  Hatchery  
  198  12:46  Spine Crawler x2  
  198  12:48  Drone x4, Spore Crawler  
  199  12:54  Zergling x10  
  199  12:55  Hatchery  
  190  13:07  Roach  
  190  13:08  Roach  
  190  13:10  Zergling x2  
  190  13:11  Zergling x18  
  189  13:12  Roach x2  
  189  13:13  Roach x4  
  189  13:14  Overlord x2  
  189  13:15  Overlord x2  
  189  13:17  Overlord  
  189  13:18  Overlord  
  168  13:20  Zergling x40  
  168  13:23  Roach x2  
  168  13:26  Roach x2  
  183  13:28  Overlord x2  
  183  13:29  Zergling x2  
  183  13:30  Ravager x2  
  183  13:31  Baneling  
  183  13:32  Baneling x13  
  183  13:33  Baneling  
  183  13:34  Baneling  
  186  13:35  Viper  
  186  13:36  Viper  
  186  13:39  Roach  
  186  13:40  Roach  
  200  13:41  Ravager x4  
  199  13:49  Baneling x18  
  199  13:54  Roach  
  194  14:20  Roach x2  
  194  14:21  Zergling x20  
  194  14:22  Zergling x6  
  194  14:23  Zergling x14  
  181  14:26  Roach x2, Zergling x26  
  185  14:33  Roach x4, Zergling x8  
  185  14:35  Zergling x2  
  185  14:37  Drone  
  199  14:40  Baneling x3  
  199  14:41  Baneling x17  
  199  14:44  Zergling x4  
  199  14:48  Baneling x8  
  194  14:55  Roach x2  
  194  14:59  Roach x2  
  180  15:04  Roach x2  
  180  15:07  Zergling x36  
  176  15:09  Zergling x4  
  176  15:11  Zergling x4  
  182  15:15  Ravager x9  
  182  15:16  Ravager  
  182  15:17  Overseer  
  182  15:20  Zergling x2  
  182  15:21  Zergling x8  
  197  15:25  Drone x2  
  199  15:42  Zergling x26  
  199  15:45  Zergling x20  
  179  15:54  Roach  
  179  15:55  Zergling x16  
  173  15:57  Roach x2  
  173  16:03  Brood Lord x4  
  185  16:04  Baneling x4  
  185  16:06  Brood Lord  
  185  16:10  Zergling x10  
  192  16:12  Drone x2  
  192  16:13  Drone  
  192  16:15  Drone x2  
  192  16:16  Baneling x5  
  192  16:17  Baneling x2  
  196  16:22  Brood Lord  
  196  16:23  Baneling x9  
  196  16:24  Baneling x2  
  197  16:26  Spine Crawler  
  197  16:28  Drone x2  
  197  16:30  Drone  
  197  16:31  Drone  
  197  16:32  Drone x2  
  199  16:38  Baneling x17  
  193  16:55  Roach x3  
  193  16:57  Roach  
  193  16:58  Roach, Zergling x32  
  193  16:59  Roach  
  193  17:00  Roach  
  192  17:03  Zergling x10  
  195  17:08  Roach x3  
  195  17:11  Zergling x6  
  195  17:14  Zergling x2  
  199  17:16  Zergling x2  
Show
View Real Time Build Order
Export as new Build Order

Cure Terran 

Build Orders: Mech 

Get SALT Encoding   

  12  0:00  SCV  
  13  0:12  SCV  
  14  0:17  Supply Depot  
  14  0:24  SCV  
  15  0:38  SCV  
  15  0:40  Barracks  
  15  0:42  Refinery  
  16  0:50  SCV  
  17  1:03  SCV  
  18  1:15  SCV  
  19  1:27  Orbital Command  
  19  1:34  Command Center  
  19  1:37  Marine  
  20  1:48  Factory  
  20  1:52  SCV  
  21  1:57  Refinery  
  21  2:01  Barracks Reactor  
  21  2:04  SCV  
  22  2:10  Supply Depot  
  22  2:17  SCV  
  23  2:31  SCV  
  23  2:32  Hellion, Starport  
  26  2:37  Marine  
  26  2:38  Marine  
  26  2:44  SCV  
  29  2:48  Orbital Command  
  29  2:56  SCV, Hellion  
  32  3:01  Marine  
  32  3:02  Marine  
  34  3:08  Medivac  
  34  3:09  SCV  
  37  3:14  SCV  
  37  3:17  Supply Depot  
  38  3:21  SCV, Marine  
  38  3:23  Marine  
  41  3:27  SCV  
  41  3:30  Hellion  
  41  3:33  SCV  
  45  3:39  SCV  
  45  3:41  Marine x2  
  47  3:42  Supply Depot  
  48  3:53  SCV x2  
  45  4:01  Fusion Core  
  46  4:05  SCV x2  
  46  4:08  Starport Tech Lab  
  46  4:17  SCV  
  46  4:18  SCV  
  46  4:21  Command Center  
  48  4:30  SCV x2  
  50  4:37  Supply Depot  
  50  4:42  SCV x2  
  52  4:48  Battlecruiser  
  58  4:54  SCV x2, Hellion  
  58  4:58  Supply Depot  
  58  4:59  Hellion  
  64  5:06  SCV x2  
  66  5:08  Refinery  
  66  5:09  Refinery  
  66  5:16  Hellion  
  66  5:18  SCV x2  
  66  5:20  Hellion  
  72  5:30  SCV x2  
  72  5:33  Orbital Command  
  74  5:38  Hellion  
  74  5:42  SCV x2, Hellion  
  79  5:54  SCV x2  
  81  5:57  Battlecruiser, Factory  
  81  5:58  Factory  
  81  6:02  SCV  
  81  6:03  Supply Depot  
  88  6:06  SCV  
  88  6:08  Hellion x2  
  90  6:16  SCV  
  82  6:21  Orbital Command  
  82  6:23  SCV  
  74  6:28  SCV  
  74  6:29  Hellion x2  
  79  6:35  SCV  
  79  6:36  Weapon Refit  
  79  6:38  Armory  
  80  6:40  SCV  
  80  6:45  Factory Tech Lab x2  
  80  6:47  SCV x2  
  82  6:51  Hellion x2  
  82  6:52  SCV  
  86  6:59  SCV x2  
  86  7:00  Armory  
  88  7:01  Engineering Bay  
  88  7:04  SCV  
  88  7:05  Refinery  
  88  7:07  Refinery  
  89  7:09  Battlecruiser  
  89  7:13  SCV x2  
  97  7:16  SCV  
  97  7:18  Supply Depot  
  98  7:25  SCV x2  
  98  7:28  SCV  
  101  7:32  Supply Depot  
  101  7:33  Supply Depot  
  101  7:40  SCV x3, Terran Vehicle Weapons Level 1, Siege Tank  
  101  7:43  Supply Depot  
  107  7:44  Supply Depot  
  107  7:48  Siege Tank  
  107  7:49  Terran Vehicle And Ship Armor Level 1  
  109  7:54  SCV x3  
  112  8:01  Infernal Pre-Igniter  
  112  8:03  Factory x2  
  112  8:06  SCV  
  112  8:12  Siege Tank  
  116  8:14  Command Center  
  116  8:20  Hellion x2  
  116  8:21  SCV x3  
  123  8:36  SCV x3  
  123  8:41  Missile Turret, Starport Reactor  
  126  8:43  Missile Turret, Siege Tank  
  126  8:44  Hellion x2, Siege Tank  
  126  8:46  Missile Turret  
  126  8:48  Factory Reactor  
  136  8:49  Factory x2  
  136  8:52  SCV x3, Factory  
  139  9:06  Supply Depot x2  
  139  9:07  Supply Depot  
  139  9:08  Supply Depot, Hellion, Siege Tank  
  144  9:14  Hellion  
  144  9:15  Siege Tank  
  148  9:28  Missile Turret  
  148  9:30  SCV x3  
  151  9:35  Factory Tech Lab x2, Siege Tank  
  151  9:36  Factory Reactor, Refinery  
  151  9:38  Hellion x2  
  158  9:39  Refinery  
  158  9:40  Siege Tank  
  153  9:47  Siege Tank  
  153  9:48  Hellion x2  
  153  9:50  Planetary Fortress  
  150  9:54  Hellion  
  150  9:59  Sensor Tower  
  150  10:01  Missile Turret  
  150  10:02  Missile Turret  
  150  10:07  Siege Tank  
  150  10:09  Missile Turret  
  150  10:12  Missile Turret  
  153  10:20  Terran Vehicle And Ship Armor Level 2, Terran Vehicle Weapons Level 2  
  153  10:21  Sensor Tower  
  153  10:24  Hellion x3  
  159  10:31  Hellion  
  159  10:32  Hellion x6  
  159  10:33  Hellion x2  
  165  10:36  Smart Servos  
  165  10:49  Thor x2  
  177  10:55  Hellion  
  177  10:56  Thor  
  185  11:07  Thor  
  191  11:15  Command Center  
  191  11:16  Supply Depot, Command Center  
  191  11:22  Thor  
  191  11:32  Thor  
  193  11:37  Thor  
  195  11:45  Thor  
  185  12:08  Thor x2  
  185  12:10  Viking x2  
  199  12:17  Command Center  
  199  12:18  Command Center  
  199  12:29  Barracks  
  199  12:31  Barracks, Ghost Academy  
  199  12:42  Orbital Command  
  199  12:43  Missile Turret  
  199  12:46  Missile Turret  
  199  12:54  Sensor Tower  
  199  12:56  Missile Turret, Refinery  
  199  13:00  Refinery  
  199  13:03  Orbital Command  
  199  13:10  Hellion, Siege Tank x4  
  199  13:11  Hellion x3  
  187  13:14  Barracks Tech Lab  
  187  13:18  SCV x3  
  187  13:19  SCV x2  
  175  13:20  Hellion x3  
  179  13:31  Planetary Fortress  
  179  13:32  Hellion  
  181  13:38  Orbital Command  
  181  13:41  Siege Tank  
  181  13:42  Hellion  
  186  13:51  Hellion, Siege Tank  
  191  13:57  Hellion, Siege Tank  
  196  14:18  Hellion x2, Siege Tank x2  
  196  14:21  Hellion x2, Siege Tank  
  196  14:23  Siege Tank  
  171  14:28  Hellion  
  171  14:29  Orbital Command, Siege Tank  
  164  14:42  Hellion  
  164  14:43  Hellion  
  164  14:45  Hellion  
  170  14:49  Viking  
  170  14:50  Siege Tank x2  
  170  14:51  Hellion  
  180  14:55  Siege Tank  
  180  14:57  Hellion  
  180  14:59  Hellion  
  173  15:04  Siege Tank  
  135  15:10  Hellion, Siege Tank  
  135  15:11  Hellion  
  127  15:22  Thor  
  127  15:28  Thor, Hellion, Siege Tank  
  139  15:29  Hellion  
  139  15:30  SCV x2  
  139  15:32  SCV  
  149  15:36  SCV, Orbital Command, Siege Tank  
  149  15:40  Hellion  
  149  15:42  Siege Tank  
  152  15:48  Hellion x3  
  140  15:51  SCV x2  
  140  15:53  SCV  
  140  15:56  SCV x2  
  136  15:59  Viking  
  136  16:00  Siege Tank  
  136  16:01  SCV, Viking  
  140  16:06  SCV  
  141  16:11  Thor  
  147  16:19  SCV x2  
  147  16:20  SCV x2  
  147  16:21  Hellion  
  147  16:22  Missile Turret  
  145  16:42  Thor  
  117  17:02  Siege Tank  
  117  17:03  Hellion x2  
  118  17:09  Hellion x2  

Tags
 
Add a new tag
Caveats
  • Supply blocks, unpowered buildings, or Contaminate may cause inaccurate times.
  • Supply counts are checked every 10 seconds.